 Dungeon Crawl Stone Soup version 0.23.2-33-g5129a83184 (webtiles) character file.

Game seed: 16079555082702567764

25 FishyPogo the Caller (level 2, -11/19 HPs)
             Began as a Vampire Summoner on July 30, 2019.
             Mangled by a hobgoblin
             ... wielding a +0 glaive
              (15 damage)
             ... on level 2 of the Dungeon.
             The game lasted 00:09:36 (1286 turns).

FishyPogo the Caller (Vampire Summoner)             Turns: 1286, Time: 00:09:37

Health: -11/19     AC:  2    Str:  7    XL:     2   Next: 82%
Magic:  3/5        EV: 13    Int: 17    God:
Gold:   72         SH:  0    Dex: 14    Spells: 4/5 levels left

rFire    . . .     SeeInvis +   l - +0 spear
rCold    . . .     Gourm    .   (no shield)
rNeg     + . .     Faith    .   a - +0 robe
rPois    .         Spirit   .   (no helmet)
rElec    .         Reflect  .   (no cloak)
rCorr    .         Harm     .   (no gloves)
MR       .....                  (no boots)
Stlth    ++........             (no amulet)
HPRegen  0.06/turn              (no ring)
MPRegen  0.09/turn              (no ring)

@: lethally poisoned (-11 -> -13)
A: fangs 3, see invisible, unbreathing
a: no special abilities


You were on level 2 of the Dungeon.
You were not thirsty.

You visited 1 branch of the dungeon, and saw 2 of its levels.

You collected 72 gold pieces.

Inventory:

Hand Weapons
 l - a +0 spear (weapon)
Missiles
 d - 16 stones (quivered)
 h - 5 tomahawks
Armour
 a - a +0 robe (worn)
Scrolls
 e - 2 scrolls of identify {unknown}
 g - a scroll of blinking {unknown}
 j - a scroll of amnesia {unknown}
 m - a scroll of enchant armour {unknown}
Potions
 b - a potion of brilliance {unknown}
 c - 13 potions of blood
 f - a potion of degeneration {unknown}
 i - a potion of curing {unknown}
 k - a potion of heal wounds {unknown}


   Skills:
 * Level 0.1 Polearms
 + Level 2.3 Dodging
 + Level 3.0 Stealth
 - Level 0.3 Unarmed Combat
 + Level 2.4 Spellcasting
 + Level 4.4 Summonings


You had 4 spell levels left.
You knew the following spells:

 Your Spells              Type           Power        Failure   Level  Hunger
a - Summon Small Mammal   Summ           ###.         3%          1    #......

Your spell library contained the following spells:

 Spells                   Type           Power        Failure   Level  Hunger
 Call Imp                 Summ           ###.....     4%          2    ##.....
 Call Canine Familiar     Summ           ###.....     9%          3    ###....
 Summon Guardian Golem    Hex/Summ       #.......     22%         3    ###....
 Summon Ice Beast         Ice/Summ       #.......     58%         4    #####..
 Summon Lightning Spire   Summ/Air       #.......     58%         4    #####..


Dungeon Overview and Level Annotations

Branches:
Dungeon (2/15)

Altars:


Innate Abilities, Weirdness & Mutations

You have razor-sharp teeth.
You have supernaturally acute eyesight. (SInv)
You can survive without breathing.


Message History

Your quokka misses the adder. The adder bites your quokka.
Your quokka closely misses the adder.
The adder bites your quokka but does no damage.
Your quokka barely misses the adder.
The adder closely misses your quokka.
You feel sick. The adder barely misses your quokka.
Your quokka closely misses the adder.
The adder closely misses your quokka.
Your quokka misses the adder. The adder bites your quokka.
Your quokka bites the adder.
The adder dies!
You start resting.
You feel sick.
A hobgoblin comes into view. It is wielding a +0 glaive.
A hobgoblin is nearby!
The hobgoblin barely misses your bat.
You feel sick.
Your quokka disappears in a puff of smoke!
The hobgoblin barely misses you.
The hobgoblin hits you from afar with a +0 glaive!
Ouch! That really hurt!
You die...

# #...# ## #.
#.#.# ..
#.#.#.##.#
#........#
#.....##
.....#...#####
..# ##.r.†g§#
# #.####b###
.# <...
#r@r#####..#
##.##
###.#.......
#. #>#.......
#. #.<.......
## ##........
##.......
.......
.......
.......


You could see a hobgoblin, 2 friendly quokkas and a friendly bat.

Vanquished Creatures
  A leopard gecko (D:1)
  2 goblins (D:1)
  A hobgoblin (D:1)
  2 rats (D:1)
6 creatures vanquished.

Vanquished Creatures (collateral kills)
  An adder (D:2)
  A dart slug (D:1)
  3 goblins (D:1)
  2 hobgoblins (D:1)
  3 kobolds (D:1)
  A bat (D:2)
  4 frilled lizards (D:1)
  3 rats (D:1)
18 creatures vanquished.

Grand Total: 24 creatures vanquished

Notes
Turn   | Place    | Note
-------+----------+-------------------------------------------
     0 | D:1      | FishyPogo the Vampire Summoner began the quest for the Orb.
     0 | D:1      | Reached XP level 1. HP: 13/13 MP: 3/3
   489 | D:1      | Reached XP level 2. HP: 14/19 MP: 0/5
  1286 | D:2      | Mangled by a hobgoblin

Action                   || total
-------------------------++-------
Melee: Unarmed           ||    25
       Bite              ||     1
       Spear             ||    12
Throw: Stone             ||    20
 Cast: Summon Small Mamm ||    37
 Stab: Distracted        ||     1
       Sleeping          ||     2
  Eat: Corpse            ||     2
Armor: Robe              ||     4
Dodge: Dodged            ||    25
